Map: Habitation Station LE (Void)

Players

Fropez - Winner!

  • Race: Protoss Protoss
  • League: Gold
  • Spawn Location: 11:00

Battleraider

  • Race: Terran Terran
  • League: Gold
  • Spawn Location: 1:00

VOD

Have the link to the VOD?

Description

Time

  • Played on: Nov. 28, 2016, 6:28 p.m.
  • Length: 6:18
Show
View Real Time Build Order
Export as new Build Order

Fropez Protoss - Winner!

Build Orders: 1 Gate Expand, Phoenix Opening 

Get SALT Encoding   

  12  0:01  Probe (Chrono Boost)  
  13  0:11  Probe (Chrono Boost)  
  14  0:24  Probe (Chrono Boost)  
  14  0:25  Pylon  
  15  0:39  Assimilator  
  15  0:43  Probe (Chrono Boost)  
  15  0:45  Gateway  
  16  0:53  Probe (Chrono Boost)  
  18  1:04  Probe (Chrono Boost)  
  18  1:19  Nexus  
  18  1:28  Pylon  
  18  1:37  Cybernetics Core  
  18  1:41  Probe (Chrono Boost)  
  19  1:48  Assimilator  
  19  1:51  Probe (Chrono Boost)  
  20  2:00  Pylon  
  20  2:02  Probe (Chrono Boost)  
  21  2:13  Warp Gate (Chrono Boost)  
  21  2:24  Probe (Chrono Boost), Stargate  
  22  2:30  Probe  
  22  2:36  Probe  
  24  2:43  Stalker  
  25  2:52  Probe  
  25  2:53  Mothership Core  
  28  3:09  Pylon  
  28  3:12  Phoenix (Chrono Boost)  
  30  3:14  Pylon, Probe  
  30  3:18  Probe  
  31  3:21  Stalker  
  34  3:27  Probe  
  34  3:33  Pylon  
  35  3:38  Phoenix  
  37  4:03  Phoenix  
  39  4:14  Pylon  
  39  4:16  Stalker  
  41  4:17  Pylon  
  41  4:30  Phoenix, Probe  
  42  5:16  Stalker  
  42  5:19  Probe, Mothership Core  
  47  5:31  Probe  
  48  5:40  Gateway  
  48  5:41  Gateway  
  48  5:46  Pylon  
  48  6:04  Stalker  
  50  6:14  Twilight Council  
  50  6:16  Forge  
Show
View Real Time Build Order
Export as new Build Order

Battleraider Terran 

Build Orders:  

Get SALT Encoding   

  12  0:01  SCV  
  13  0:13  SCV  
  14  0:18  Supply Depot  
  14  0:27  SCV  
  15  0:39  SCV  
  16  0:45  Barracks  
  16  0:51  SCV  
  16  0:55  Barracks  
  17  1:03  SCV  
  18  1:08  Refinery  
  18  1:14  Refinery  
  18  1:16  SCV  
  19  1:31  Orbital Command  
  19  1:44  Marine  
  19  1:45  Marine, Supply Depot  
  21  1:57  SCV  
  22  2:03  Factory  
  22  2:08  Marine  
  23  2:09  Marine, SCV  
  25  2:23  SCV  
  26  2:32  Supply Depot  
  26  2:33  Barracks  
  26  2:35  Marine  
  26  2:36  Marine  
  28  2:46  Factory Tech Lab  
  28  2:55  Starport  
  28  3:02  Marine x2  
  28  3:05  Siege Tank  
  33  3:16  Supply Depot  
  33  3:19  Marine  
  33  3:20  Marine, Barracks Tech Lab  
  35  3:33  Viking  
  37  3:39  Siege Tank  
  40  3:44  Supply Depot  
  40  4:11  Siege Tank  
  40  4:13  Viking  
  40  4:14  Marine x2, Marauder  
  40  4:16  Concussive Shells  
  49  4:28  Supply Depot  
  38  5:14  Siege Tank  
  38  5:16  Viking  
  39  5:31  Marine x2  
  39  5:32  Marauder  
  43  5:46  Medivac  
Tags
 
Add a new tag
Caveats
  • Supply blocks, unpowered buildings, or Contaminate may cause inaccurate times.
  • Supply counts are checked every 10 seconds.